 Dungeon Crawl Stone Soup version 0.30.0-15-g856e2d3f33 (webtiles) character file.

Game seed: 14749122423808718837

51 ProzacElf the Shooter (level 3, 0/27 HPs)
             Began as a Demonspawn Hunter on May 19, 2023.
             Slain by a gnoll
             ... wielding a +0 club
             ... led by a gnoll bouda
              (2 damage)
             ... on level 2 of the Dungeon.
             The game lasted 00:03:37 (1213 turns).

ProzacElf the Shooter (Demonspawn Hunter)           Turns: 1213, Time: 00:03:38

Health: 0/27       AC:  6    Str: 13    XL:     3   Next: 57%
Magic:  3/3        EV:  9    Int: 16    God:
Gold:   46         SH:  0    Dex: 16    Spells: 2/2 levels left

rFire   . . .        a - +0 shortbow
rCold   . . .        (shield currently unavailable)
rNeg    . . .        k - +0 scale mail
rPois   .            (helmet restricted)
rElec   .            (no cloak)
rCorr   .            (no gloves)
SInv    .            (no boots)
Will    .....        (no amulet)
Stlth   +            l - +6 ring of intelligence
HPRegen 0.24/turn    (no ring)
MPRegen 0.08/turn

%: no passive effects
@: weakened
A: horns 1
a: no special abilities


You were on level 2 of the Dungeon.
You visited 1 branch of the dungeon, and saw 2 of its levels.

You collected 46 gold pieces.

Inventory:

Hand Weapons
 a - a +0 shortbow (weapon)
 b - a +0 dagger of protection
 m - a +0 mace
 n - a +0 flail
Armour
 c - a +0 leather armour
 f - a +0 plate armour
 k - a +0 scale mail (worn)
Jewellery
 l - a +6 ring of intelligence (left hand)
Scrolls
 e - a scroll of fear {unknown}
 g - 2 scrolls of immolation
 i - 2 scrolls of identify {unknown}
Potions
 d - 2 potions of berserk rage {unknown}
 h - a potion of curing {unknown}
 j - a potion of flight {unknown}


   Skills:
 - Level 2.0 Fighting
 + Level 4.3 Ranged Weapons
 - Level 1.7 Dodging
 + Level 2.4 Stealth


You had 2 spell levels left.
You didn't know any spells.
Your spell library contained the following spells:

 Spells                   Type           Power      Damage    Failure   Level
 Blink                    Tloc           0%         N/A       88%         2
 Manifold Assault         Tloc           0%         N/A       100%        4
 Storm Form               Tmut/Air       0%         N/A       100%        7


Dungeon Overview and Level Annotations

Branches:
Dungeon (2/15)

Altars:


Innate Abilities, Weirdness & Mutations

You have a pair of small horns on your head.


Message History

Tha kobold hits ye but does nay damage.
Ye take 2 damage, an' haf 23/27 hp.
Ye shoot an arrow.
Tha arrow hits tha kobold but does nay damage.
Tha kobold barely misses ye.
Tha kobold hits ye wit' a +0 dagger.
Ye shoot an arrow.
Tha arrow hits tha kobold!
Ye kill tha kobold!
Tha gnoll hits ye wit' a +0 whip.
Ye take 2 damage, an' haf 21/27 hp.
Ye shoot an arrow.
Tha arrow completely misses tha gnoll.
Tha arrow barely misses tha gnoll bouda.
Tha arrow barely misses tha gnoll.
Ye shoot an arrow.
Tha arrow hits tha gnoll.
Tha gnoll be moderately wounded.
Tha gnoll hits ye but does nay damage.
Tha gnoll hits ye wit' a +0 whip.
Ye take 4 damage, an' haf 18/27 hp.
Ye shoot an arrow.
Tha arrow hits tha gnoll.
Tha gnoll be severely wounded.
Tha gnoll bouda calls upon its god ta heal tha gnoll.
Tha gnoll be healed somewhat.
Tha gnoll hits ye wit' a +0 whip.
Ye take 4 damage, an' haf 14/27 hp.
Ye shoot an arrow.
Tha arrow hits tha gnoll.
Tha gnoll be heavily wounded.
Tha gnoll bouda barely misses ye.
Tha gnoll barely misses ye.
Tha gnoll hits ye wit' a +0 whip.
Ye take 2 damage, an' haf 12/27 hp.
Ye shoot an arrow.
Tha arrow hits tha gnoll bouda!
Tha gnoll bouda be moderately wounded.
Tha gnoll bouda gazes fiercely through ye!
Ye feel yer attacks grow feeble.
Tha gnoll bouda closely misses ye.
Tha gnoll hits ye wit' a +0 whip.
* * * LOW HITPOINT WARNIN'
* * * Tha gnoll hits ye but does nay damage.
Ye take 4 damage, an' haf 8/27 hp.
Ye shoot an arrow.
Tha arrow closely misses tha gnoll bouda.
Tha gnoll bouda hits ye wit' a +0 club.
* * * LOW HITPOINT WARNIN'
* * * Tha gnoll barely misses ye.
Tha gnoll hits ye wit' a +0 club.
Ye die...

..#.. #..#.#†## #.#.#
#<...)..# #.#.# #......>#
#.#.# #.##.##.# #.#.#
#.##.##.# ### ##.#.#
#.##.##.# ....###..#.#
#.......#
........##g#########.##..#
....#....g@g......##.###..#
.. #..####..##.#....# .#
#.... ##.#######.# # ####.
#.# #.# .. #.. ..# .# ##..
.## #. ####. #### #. . .. .
. .


You could see a gnoll bouda and 2 gnolls.

Vanquished Creatures
  A gnoll (D:2)
  A worm (D:2)
  A dart slug (D:1)
  4 ball pythons (D:1)
  4 endoplasms
  2 giant cockroaches
  A goblin (D:1)
  6 hobgoblins
  5 kobolds
  2 quokkas (D:1)
  2 bats
  A frilled lizard (D:1)
  3 rats
33 creatures vanquished.

Notes
Turn   | Place    | Note
-------+----------+-------------------------------------------
     0 | D:1      | ProzacElf the Demonspawn Hunter began the quest for the
                  | Orb.
     0 | D:1      | Reached XP level 1. HP: 16/16 MP: 1/1
    64 | D:1      | Reached skill level 1 in Stealth
   213 | D:1      | Gained mutation: You have a pair of small horns on your
                  | head. [demonic ancestry]
   213 | D:1      | Reached XP level 2. HP: 22/22 MP: 2/2
   351 | D:1      | Reached skill level 4 in Ranged Weapons
   860 | D:2      | Reached XP level 3. HP: 27/27 MP: 3/3
  1213 | D:2      | Slain by a gnoll

Illustrated notes

Levels and vault maps discovered:
D:1:      dpeg_arrival_more_subterranean_lakeside_camping, layout_loops_ring,
          serial_bayou_lagoon_b
D:2:      layout_loops_cross, serial_co_window_serial, co_window_paths_a,
          co_window_paths_a, co_window_cross_1, co_window_corner_a,
          co_window_paths_b, co_window_corner_a, co_window_paths_b,
          co_window_broadway_c, co_window_broadway_b, co_window_corner_ca,
          co_window_sun, co_window_4corner_a, glass_columns_a, glass_columns_a,
          glass_columns_b, minmay_split_cup_large

Skill      XL: |  1  2 |
---------------+-------+-----
Stealth        | 1 2 |  2.4
Ranged Weapons | 4 |  4.3
Fighting       | |  2.0
Dodging        | |  1.7

Action                     || total
---------------------------++-------
   Fire: Shortbow          ||    84
 Armour: Scale mail        ||    21
  Dodge: Dodged            ||    23

Action                     || total
---------------------------++-------
   Fire: Shortbow          ||    84
 Armour: Scale mail        ||    21
  Dodge: Dodged            ||    23

Levels and vault maps discovered:
D:1:      dpeg_arrival_more_subterranean_lakeside_camping, layout_loops_ring,
          serial_bayou_lagoon_b
D:2:      layout_loops_cross, serial_co_window_serial, co_window_paths_a,
          co_window_paths_a, co_window_cross_1, co_window_corner_a,
          co_window_paths_b, co_window_corner_a, co_window_paths_b,
          co_window_broadway_c, co_window_broadway_b, co_window_corner_ca,
          co_window_sun, co_window_4corner_a, glass_columns_a, glass_columns_a,
          glass_columns_b, minmay_split_cup_large
